AoeStats
← ArthurMitchell3

Black Forest

509227906Analyzed
2v2 RM · 6d ago on Sep 26, 2026· 13m 31s· 4 players
Game mode
Random Map
Map size
Medium (4 player)
Population
200
Speed
Normal
Resources
Standard
Victory
Conquest
Starting age
Dark Age
Ending age
Imperial Age
RankedLock teamsTeams togetherTeam positionsShared explorationLock speedFull tech treeHidden civsTurbo modeCheats
Victory
Defeat
🇨🇴 Khmer · Colombia
1341
+18
🇺🇸 Turks · United States
1320
+19
🇨🇴 Teutons · Colombia
1397
-19
🇨🇴 Lithuanians · Colombia
1373
-18
ArthurMitchell3
12:59 Feudal Age
le Julianchy
0:40 Loom
9:26 Feudal Age
[Legacy]Julio.01
10:49 Feudal Age
14:49 Castle Age
12:52 Double-Bit Axe
Solopetrosky
6:29 Loom
8:57 Feudal Age
Connection lost

Rejoining the realm…

Still unreachable

The connection could not be restored.

Session expired

The server has moved on; the page needs a fresh start.